AoeStats
← Your Mom

Arena

508061344Analyzed
4v4 RM · 13d ago on Sep 20, 2026· 51m 2s· 8 players
Game mode
Random Map
Map size
Large (8 player)
Population
200
Speed
Normal
Resources
Standard
Victory
Conquest
Starting age
Dark Age
Ending age
Imperial Age
RankedLock teamsTeams togetherTeam positionsShared explorationLock speedFull tech treeHidden civsTurbo modeCheats
Victory
Defeat
🇬🇧 Lithuanians · United Kingdom
880
+13
🇹🇷 Franks · Türkiye
876
+13
🇺🇦 Lithuanians · Ukraine
863
+13
🇦🇹 Italians · Austria
848
+14
🇨🇭 Spanish · Switzerland
869
-17
🇨🇳 Poles · China
809
-17
🇩🇪 Franks · Germany
776
-12
🇺🇸 Persians · United States
757
-11
iKalakamalaka
8:09 Loom
11:30 Feudal Age
13:33 Wheelbarrow
13:23 Double-Bit Axe
21:42 Castle Age
23:09 Hand Cart
22:42 Town Watch
23:24 Bow Saw
24:31 Gold Mining
24:31 Stone Mining
24:40 Horse Collar
25:38 Caravan
27:36 Forging
27:22 Fletching
27:38 Scale Barding Armor
28:50 Gold Shaft Mining
28:51 Stone Shaft Mining
28:22 Town Patrol
29:42 Heavy Plow
30:54 Masonry
30:40 Murder Holes
31:06 Ballistics
31:25 Arson
31:41 Squires
31:27 Gambesons
31:03 Pikeman
32:22 Iron Casting
31:48 Scale Mail Armor
33:00 Kamandaran
34:43 Chain Barding Armor
34:19 Bodkin Arrow
34:57 Parthian Tactics
34:38 Thumb Ring
35:14 Elite Skirmisher
40:07 Imperial Age
39:50 Guard Tower
40:49 Conscription
39:51 Elite War Elephant
41:07 Hoardings
41:11 Halberdier
42:38 Crop Rotation
43:24 Two-Man Saw
43:40 Architecture
44:11 Chemistry
43:45 Citadels
48:51 Guilds
Your Mom
0:27 Loom
10:24 Feudal Age
11:02 Double-Bit Axe
11:55 Gold Mining
11:56 Stone Mining
18:04 Wheelbarrow
21:45 Castle Age
22:43 Bow Saw
24:22 Gold Shaft Mining
26:57 Husbandry
28:51 Caravan
31:16 Hand Cart
31:47 Fortified Wall
32:35 Scale Mail Armor
32:40 Scale Barding Armor
32:46 Forging
36:52 Imperial Age
37:55 Conscription
38:58 Cavalier
40:55 Squires
40:16 Pikeman
40:22 Pikeman
41:28 Chain Barding Armor
41:23 Chain Mail Armor
41:44 Iron Casting
41:02 Halberdier
41:12 Capped Ram
42:28 Light Cavalry
46:41 Paladin
47:48 Chivalry
50:23 Plate Barding Armor
Bombus_Alpinus
0:31 Loom
12:49 Feudal Age
13:15 Double-Bit Axe
14:07 Wheelbarrow
14:39 Horse Collar
20:33 Castle Age
19:53 Stone Mining
21:31 Hand Cart
21:36 Caravan
21:54 Bow Saw
23:08 Gold Mining
23:47 Heavy Plow
28:51 Stone Shaft Mining
32:28 Coinage
35:05 Imperial Age
33:24 Scale Barding Armor
33:19 Padded Archer Armor
34:43 Husbandry
34:54 Bloodlines
35:21 Chain Barding Armor
35:17 Leather Archer Armor
36:20 Conscription
36:05 Elite Conquistador
36:24 Cavalier
38:33 Guilds
39:05 Plate Barding Armor
39:00 Ring Archer Armor
Mihono Bourbon
11:14 Feudal Age
15:52 Castle Age
14:35 Double-Bit Axe
15:12 Horse Collar
17:09 Bow Saw
22:04 Wheelbarrow
22:49 Heavy Plow
24:49 Gold Mining
26:22 Stone Mining
27:07 Hand Cart
28:22 Fletching
28:46 Caravan
29:07 Husbandry
29:18 Bloodlines
30:05 Stone Shaft Mining
30:03 Szlachta Privileges
30:25 Town Watch
30:26 Loom
32:13 Scale Barding Armor
32:19 Forging
32:05 Bodkin Arrow
38:09 Imperial Age
35:40 Town Patrol
36:05 Chain Barding Armor
36:20 Iron Casting
39:40 Ballistics
39:31 Masonry
40:22 Chemistry
39:20 Murder Holes
40:20 Cavalier
42:23 Capped Ram
44:28 Pikeman
Doofus
9:46 Feudal Age
10:14 Double-Bit Axe
10:16 Horse Collar
16:46 Castle Age
21:41 Wheelbarrow
20:52 Town Watch
20:54 Loom
22:35 Heavy Plow
23:05 Fervor
23:34 Bow Saw
23:36 Loom
24:23 Gold Mining
31:22 Imperial Age
30:15 Husbandry
30:25 Bloodlines
30:48 Hill Forts
31:13 Fletching
31:33 Murder Holes
32:09 Forging
32:05 Scale Barding Armor
34:32 Two-Man Saw
33:54 Squires
33:15 Pikeman
35:16 Iron Casting
34:36 Bodkin Arrow
35:15 Ballistics
35:55 Chemistry
34:59 Scale Mail Armor
35:53 Conscription
36:39 Hand Cart
36:46 Elite Leitis
37:30 Tower Shields
37:59 Sanctity
39:15 Chain Barding Armor
38:56 Bracer
39:44 Crop Rotation
39:19 Town Patrol
40:23 Hoardings
40:22 Halberdier
42:05 Plate Barding Armor
41:45 Chain Mail Armor
41:52 Onager
46:53 Fortified Wall
46:54 Masonry
48:23 Coinage
47:53 Caravan
49:45 Bombard Tower
50:15 Banking
49:55 Guilds
Therapist
3:27 Loom
10:27 Feudal Age
10:57 Double-Bit Axe
18:17 Castle Age
19:09 Bow Saw
18:53 Gold Mining
23:13 Wheelbarrow
22:23 Town Watch
23:21 Gold Shaft Mining
22:37 Stone Mining
28:12 Imperial Age
28:49 Murder Holes
28:21 Cavalier
29:09 Chivalry
31:04 Conscription
34:00 Paladin
35:31 Hand Cart
35:28 Husbandry
35:37 Scale Barding Armor
37:09 Chain Barding Armor
36:59 Forging
38:40 Town Patrol
39:42 Plate Barding Armor
39:43 Iron Casting
40:08 Light Cavalry
41:53 Murder Holes
42:12 Masonry
43:03 Blast Furnace
Not at work4898
10:04 Feudal Age
10:36 Double-Bit Axe
11:30 Horse Collar
18:56 Castle Age
19:56 Heavy Plow
20:08 Bow Saw
20:33 Town Watch
26:56 Imperial Age
26:16 Silk Road
26:01 Padded Archer Armor
25:51 Fletching
26:10 Thumb Ring
27:43 Leather Archer Armor
29:02 Bodkin Arrow
31:02 Chemistry
30:23 Ballistics
31:26 Crop Rotation
32:22 Two-Man Saw
33:43 Ring Archer Armor
33:13 Bracer
33:54 Conscription
35:29 Caravan
39:14 Murder Holes
41:44 Arrowslits
48:31 Elite Genoese Crossbowman
PERSI乛KITLER
10:07 Feudal Age
8:23 Loom
14:26 Castle Age
12:22 Horse Collar
12:55 Double-Bit Axe
15:28 Wheelbarrow
16:12 Stone Mining
17:06 Bow Saw
23:08 Heavy Plow
23:40 Gold Mining
30:35 Imperial Age
29:06 Scale Barding Armor
29:56 Forging
31:07 Chain Barding Armor
31:02 Elite Leitis
32:30 Crop Rotation
33:18 Iron Casting
33:11 Bloodlines
33:52 Husbandry
34:32 Plate Barding Armor
35:44 Two-Man Saw
36:08 Hand Cart
37:20 Conscription
37:58 Fletching
38:24 Caravan
39:19 Stone Shaft Mining
42:30 Light Cavalry
48:12 Winged Hussar
49:06 Town Watch
49:20 Bodkin Arrow
Connection lost

Rejoining the realm…

Still unreachable

The connection could not be restored.

Session expired

The server has moved on; the page needs a fresh start.